 Dungeon Crawl Stone Soup version 0.25.1-2-g60ff931df9 (webtiles) character file.

Game seed: 6638386732827622623

104 Curus the Slasher (level 4, -6/39 HPs)
             Began as a Minotaur Fighter on Oct 21, 2020.
             Mangled by a worm (9 damage)
             ... on level 2 of the Dungeon.
             The game lasted 00:06:25 (1654 turns).

Curus the Slasher (Minotaur Fighter)                Turns: 1654, Time: 00:06:26

Health: -6/39      AC:  6    Str: 21    XL:     4   Next: 52%
Magic:  3/3        EV:  7    Int:  6    God:
Gold:   87         SH:  9    Dex:  9    Spells: 3/3 levels left

rFire    . . .     SeeInvis .   a - +0 long sword
rCold    . . .     Gourm    .   c - +0 kite shield
rNeg     . . .     Faith    .   b - +0 scale mail
rPois    .         Spirit   .   (helmet restricted)
rElec    .         Reflect  .   (no cloak)
rCorr    .         Harm     .   (no gloves)
MR       .....                  (no boots)
Stlth    ..........             (no amulet)
HPRegen  0.13/turn              (no ring)
MPRegen  0.08/turn              (no ring)

@: no status effects
A: retaliatory headbutt, horns 2
a: no special abilities


You were on level 2 of the Dungeon.
You were not hungry.

You visited 1 branch of the dungeon, and saw 2 of its levels.

You collected 87 gold pieces.

Inventory:

Hand Weapons
 a - a +0 long sword (weapon)
Armour
 b - a +0 scale mail (worn)
 c - a +0 kite shield (worn)
Scrolls
 e - a scroll of remove curse
Potions
 d - a potion of might
 h - a potion of curing
Comestibles
 f - 4 rations
 g - 7 chunks of flesh


   Skills:
 - Level 3.6 Fighting
 + Level 5.8 Long Blades
 - Level 3.6 Armour
 - Level 3.6 Shields


You had 3 spell levels left.
You didn't know any spells.
Your spell library was empty.

Dungeon Overview and Level Annotations

Branches:
Dungeon (2/15)

Altars:
Trog


Innate Abilities, Weirdness & Mutations

You reflexively headbutt those who attack you in melee.
You have a pair of horns on your head.


Message History

There is an open door here.
You aren't carrying any items that you can evoke.
You hit the worm.
The worm is severely wounded.
The worm bites you.
You slash the worm!
You kill the worm!
Some of the chunks of flesh in your inventory have rotted away.
You hit the worm. You headbutt the worm!
The worm is heavily wounded.
The worm barely misses you.
You riposte.
You slash the worm!
The worm is severely wounded.
You barely miss the worm. Your headbutt misses the worm.
The worm is severely wounded.
The worm bites you!
* * * LOW HITPOINT WARNING * * *
You hit the worm.
The worm is almost dead.
The worm bites you!
You die...

##### ###....## ##)......##
#)........# ##....#....#
#....###...#### #.._.#y#...w@.#
#.)..###...##.# #....#....##.#
#### #.........##.# ...#
##)......###.# ...######....##
#.###############
.......##########................
...##..........####..............
[.###..........# #..............


You could see a moth of wrath and a worm (berserk).

Vanquished Creatures
  3 adders (D:2)
  2 worms (D:2)
  3 dart slugs
  2 leopard geckos
  4 orcs (D:2)
  A ball python (D:1)
  6 giant cockroaches
  5 goblins
  4 hobgoblins
  4 jackals (D:2)
  6 bats
  3 frilled lizards
  7 kobolds
  7 rats
57 creatures vanquished.

Notes
Turn   | Place    | Note
-------+----------+-------------------------------------------
     0 | D:1      | Curus the Minotaur Fighter began the quest for the Orb.
     0 | D:1      | Reached XP level 1. HP: 19/19 MP: 0/0
    41 | D:1      | Reached skill level 3 in Long Blades
   322 | D:1      | Reached XP level 2. HP: 25/26 MP: 1/1
   443 | D:1      | Reached skill level 4 in Long Blades
   651 | D:1      | Reached XP level 3. HP: 31/31 MP: 2/2
  1111 | D:2      | Reached skill level 5 in Long Blades
  1115 | D:2      | Reached XP level 4. HP: 24/39 MP: 3/3
  1632 | D:2      | Noticed a moth of wrath
  1634 | D:2      | Found a bloodstained altar of Trog.
  1654 | D:2      | Mangled by a worm

Illustrated notes

Levels and vault maps discovered:
D:1:      saegor_arrival_simple_d, layout_rooms
D:2:      layout_rooms, tgw_trog

Skill      XL: |  1  2  3 |
---------------+----------+-----
Long Blades    | 3 4 5 |  5.8
Fighting       | |  3.6
Armour         | |  3.6
Shields        | |  3.6

Action                   |  1- 3 |  4- 6 || total
-------------------------+-------+-------++-------
Melee: Long sword        |   118 |    41 ||   159
       Headbutt          |    22 |     7 ||    29
  Use: Scroll            |     4 |       ||     4
       Potion            |     1 |     2 ||     3
  Eat: Chunk             |     1 |     2 ||     3
Armor: Scale mail        |    46 |    13 ||    59
Dodge: Dodged            |    26 |    14 ||    40
Block: Kite shield       |    56 |    20 ||    76
       Rpst.: Long sword |     7 |     8 ||    15
